 Dungeon Crawl Stone Soup version 0.28.0-45-g0d030f2227 (webtiles) character file.

Game seed: 2077486569358937821

60 crimpus the Covered (level 3, 0/33 HPs)
             Began as a Minotaur Fighter on Apr 18, 2022.
             Slain by Grinder (3 damage)
             ... while paralysed by Grinder
             ... on level 3 of the Dungeon.
             The game lasted 00:02:24 (1860 turns).

crimpus the Covered (Minotaur Fighter)              Turns: 1860, Time: 00:02:25

Health: 0/33       AC: 11    Str: 22    XL:     3   Next: 80%
Magic:  2/2        EV:  2    Int: 12    God:
Gold:   115        SH:  0    Dex: 14    Spells: 2/2 levels left

rFire   . . .      SeeInvis .   a - +0 war axe
rCold   . . .      Faith    .   c - +0 buckler
rNeg    . . .      Spirit   .   b - +0 scale mail
rPois   .          Reflect  .   (helmet restricted)
rElec   .          Harm     .   (no cloak)
rCorr   .          Rampage  .   (no gloves)
Will    .....                   (no boots)
Stlth   ..........              (no amulet)
HPRegen 0.11/turn               g - +4 ring of protection
MPRegen 0.08/turn               i - ring "Umiesoic" {Contam EV+4 Int+7 Dex+5}

@: paralysed
A: horns 2, retaliatory headbutt
a: no special abilities


You were on level 3 of the Dungeon.
You visited 1 branch of the dungeon, and saw 3 of its levels.

You collected 115 gold pieces.

Inventory:

Hand Weapons
 a - a +0 war axe (weapon)
Armour
 b - a +0 scale mail (worn)
 c - a +0 buckler (worn)
Jewellery
 g - a +4 ring of protection (left hand)
 i - the ring "Umiesoic" (right hand) {Contam EV+4 Int+7 Dex+5}
   (You found it on level 3 of the Dungeon)

   [ring of evasion]

   EV:        It affects your evasion (+4).
   Int:       It affects your intelligence (+7).
   Dex:       It affects your dexterity (+5).
   Contam:    It causes magical contamination when unequipped.
Scrolls
 e - 2 scrolls of identify {unknown}
 j - a scroll of magic mapping {unknown}
Potions
 d - 2 potions of might
 f - a potion of invisibility {unknown}
 h - a potion of flight {unknown}


   Skills:
 + Level 4.2 Fighting
 - Level 2.4 Axes
 + Level 5.0 Armour
 + Level 0.1 Dodging
 + Level 4.0 Shields


You had 2 spell levels left.
You didn't know any spells.
Your spell library contained the following spells:

 Spells                   Type           Power      Damage    Failure   Level
 Portal Projectile        Hex/Tloc       0%         N/A       97%         3
 Blade Hands              Tmut           0%         N/A       100%        5
 Excruciating Wounds      Necr           0%         N/A       100%        5


Dungeon Overview and Level Annotations

Branches:
Dungeon (3/15)

Altars:
Dithmenos
Sif Muna

Annotations:
D:3 Grinder


Innate Abilities, Weirdness & Mutations

You have a pair of horns on your head.
You reflexively headbutt those who attack you in melee.


Message History

You kill the hobgoblin!
Your Shields skill increases to level 4!
No target in view!
No target in view!
No target in view!
You see here a hobgoblin corpse.
Found 19 stones.
j - a scroll labelled FONWUY GOD TIJ No target in view!
Found a stone staircase leading up.
No target in view!
As you open the door, it creaks loudly!
Grinder and a worm come into view.
Grinder shouts!
Found a chain mail.
There are monsters nearby!
Grinder hits you.
You writhe in agony.
There is an open door here.
There are monsters nearby!
You slash Grinder!
Grinder is moderately wounded.
Grinder closely misses you. You furiously retaliate!
You headbutt Grinder, but do no damage. You slash Grinder!
Grinder is heavily wounded.
Grinder gestures at you.
You barely resist. Grinder gestures at you.
You suddenly lose the ability to move!
Grinder hits you but does no damage. Grinder gestures at you.
You shrug off the repeated paralysis!
The worm bites you but does no damage. Grinder hits you.
You writhe in agony.
Grinder hits you but does no damage. The worm bites you but does no damage.
Grinder gestures at you. Pain shoots through your body! Grinder hits you!
* * * LOW HITPOINT WARNING * * *
You writhe in agony.
You die...

... #.........###.#
...#########...####
..........<....#
#+#
#..########....#
#... #..# #.#.##
#.. . #.#.# #.8...
#.#.####.#....
#.#...#w..8...
#.#.#.@5....[.
#.#.###...8...
#.#.# #.#.... #.#
#.8... #.. #.. .
### #... #+#


You could see Grinder and a worm.

Vanquished Creatures
  2 worms (D:2)
  An adder skeleton (D:3)
  2 bats
  An endoplasm (D:3)
  3 giant cockroaches
  6 goblins
  7 hobgoblins
  10 jackals (D:2)
  A quokka (D:3)
  2 ball pythons
  4 frilled lizards (D:2)
  A kobold (D:1)
  2 rats (D:1)
42 creatures vanquished.

Notes
Turn   | Place    | Note
-------+----------+-------------------------------------------
     0 | D:1      | crimpus the Minotaur Fighter began the quest for the Orb.
     0 | D:1      | Reached XP level 1. HP: 19/19 MP: 0/0
   503 | D:1      | Reached XP level 2. HP: 27/27 MP: 1/1
   507 | D:1      | Reached skill level 4 in Armour
   794 | D:2      | Reached XP level 3. HP: 31/33 MP: 2/2
  1546 | D:2      | Found a shimmering blue altar of Sif Muna.
  1673 | D:3      | Reached skill level 5 in Armour
  1707 | D:3      | Found a shadowy altar of Dithmenos.
  1744 | D:3      | Identified the ring "Umiesoic" {Contam EV+4 Int+7 Dex+5}
  1782 | D:3      | Found a faded altar of an unknown god.
  1851 | D:3      | Noticed Grinder
  1854 | D:3      | Paralysed by Grinder for 7 turns
  1860 | D:3      | Slain by Grinder

Illustrated notes

Levels and vault maps discovered:
D:1:      matt_arrival_los_fun, layout_loops_cross, grunt_decor_resistance,
          minmay_misc_feat_plants
D:2:      layout_basic, basic_altar, serial_corexii_hall,
          chequers_hall_statues_corner_a, corexii_hall_statues_x,
          chequers_hall_statues_corner_a, chequers_hall_statues_wall_a,
          nicolae_underground_beach
D:3:      layout_loops_ring, nicolae_ashenzari_skybound,
          mainiacjoe_overflow_large_starburst, lightli_temple_of_fire,
          shapermc_ecumenical_altar_mp_vishouse, dk_noncrumbling_3,
          minmay_misc_feat_secret_circle, uniq_grinder

Skill      XL: |  1  2  3 |
---------------+----------+-----
Fighting       | 4 |  4.2
Armour         | 4 5 |  5.0
Shields        | 4 |  4.0
Axes           | |  2.4
Dodging        | |  0.1

Action                   || total
-------------------------++-------
Melee: War axe           ||    91
       Headbutt          ||    11
Armor: Scale mail        ||    55
Dodge: Dodged            ||    45
Block: Buckler           ||    16
